 Dungeon Crawl Stone Soup version 0.24.0-1-gfbc8707122 (webtiles) character file.

Game seed: 10353276097383887955, levelgen mode: deterministic

28188 Curus the Martial Artist (level 13, -15/104 HPs)
             Began as a Demonspawn Gladiator on Oct 28, 2019.
             Was the Champion of Okawaru.
             Demolished by a komodo dragon (26 damage)
             ... on level 5 of the Lair of Beasts.
             The game lasted 01:20:36 (12381 turns).

Curus the Martial Artist (Demonspawn Gladiator)    Turns: 12381, Time: 01:20:37

Health: -15/104    AC: 26    Str: 16    XL:     13   Next: 8%
Magic:  13/13      EV: 26    Int: 10    God:    Okawaru [******]
Gold:   666        SH:  0    Dex: 25    Spells: 12/12 levels left

rFire    . . .     SeeInvis +     - Unarmed
rCold    + . .     Gourm    .   (no shield)
rNeg     . . .     Faith    .   t - +3 ring mail {rPois}
rPois    +         Spirit   .   C - +2 helmet {SInv}
rElec    .         Reflect  .   u - +2 cloak {+Inv}
rCorr    .         Harm     .   (gloves unavailable)
MR       .....                  (no boots)
Stlth    ++........             (no amulet)
HPRegen  0.27/turn              l - +2 ring of protection
MPRegen  0.13/turn              L - +1 ring of evasion

@: agile, sanguine armour
A: claws 3, agile 1, cold resistance 1, powered by pain 2, shaggy fur 1, rot
immunity, sanguine armour 2
a: Heroism, Finesse, Renounce Religion, Evoke Invisibility


You were on level 5 of the Lair of Beasts.
You worshipped Okawaru.
Okawaru was exalted by your worship.
You were not hungry.

You visited 2 branches of the dungeon, and saw 15 of its levels.

You collected 1094 gold pieces.
You spent 428 gold pieces at shops.

Inventory:

Hand Weapons
 a - a +1 quarterstaff
Missiles
 d - 5 throwing nets (quivered)
Armour
 b - a +0 leather armour
 c - a +0 helmet
 g - a +0 leather armour
 t - a +3 ring mail of poison resistance (worn)
 u - a +2 cloak of invisibility (worn)
 v - a +2 leather armour of fire resistance
 C - a +2 helmet of see invisible (worn)
 F - a +1 pair of gloves of strength
 M - the +1 leather armour of Plasticity {Int+2}
   (You found it on level 2 of the Lair of Beasts)

   It affects your intelligence (+2).
 O - the +2 buckler of Pragmatism {rF- rN++ Regen+ rCorr}
   (Okawaru gifted it to you on level 4 of the Lair of Beasts)

   It makes you vulnerable to fire.
   It greatly protects you from negative energy.
   It increases your rate of regeneration.
   It provides partial protection from all sources of acid and corrosion.
Jewellery
 i - an uncursed ring of flight
 k - a +4 ring of strength
 l - a +2 ring of protection (left claw)
 m - an uncursed ring of protection from cold
 s - a +3 ring of intelligence
 w - an uncursed amulet of inaccuracy
 y - an uncursed ring of stealth
 J - an uncursed ring of stealth
 L - a +1 ring of evasion (right claw)
 N - an uncursed ring of ice
 R - an uncursed ring of stealth
Wands
 A - a wand of polymorph (16)
 D - a wand of flame (38)
 E - a wand of paralysis (5)
 H - a wand of digging (3)
 I - a wand of enslavement (6)
Scrolls
 e - 13 scrolls of identify
 h - 9 scrolls of remove curse
 n - 6 scrolls of teleportation
 o - 3 scrolls of magic mapping
 p - 2 scrolls of fog
 q - 6 scrolls of amnesia
 K - a scroll of blinking
 S - a scroll of enchant armour
 U - a scroll of enchant weapon
Potions
 j - 4 potions of might
 r - a potion of haste
 x - a potion of flight
 z - 2 potions of ambrosia
 B - 4 potions of curing
 G - a potion of berserk rage
 P - a potion of magic
Miscellaneous
 Q - a phial of floods
 T - a phantom mirror
Comestibles
 f - 27 rations


   Skills:
 + Level 10.4 Fighting
 - Level 3.8 Staves
 - Level 1.7 Throwing
 + Level 9.9 Dodging
 - Level 14.8 Unarmed Combat


You had 12 spell levels left.
You didn't know any spells.
Your spell library contained the following spells:

 Spells                   Type           Power        Failure   Level  Hunger
 Magic Dart               Conj           #...         58%         1    ##.....
 Blink                    Tloc           N/A          73%         2    ###....
 Call Imp                 Summ           #.......     73%         2    ###....
 Shroud of Golubria       Chrm/Tloc      #.....       73%         2    ###....
 Slow                     Hex            #.......     73%         2    ###....
 Conjure Flame            Conj/Fire      #.......     91%         3    ####...
 Gell's Gravitas          Tloc           #.........   91%         3    ####...
 Lesser Beckoning         Tloc           #.........   91%         3    ####...
 Mephitic Cloud           Conj/Pois/Air  #.......     91%         3    ####...
 Teleport Other           Tloc           #.......     91%         3    ####...
 Leda's Liquefaction      Hex/Erth       #.........   100%        4    #####..
 Passage of Golubria      Tloc           N/A          100%        4    #####..
 Bolt of Magma            Conj/Fire/Erth #.........   100%        5    ######.
 Iron Shot                Conj/Erth      #.........   100%        6    #######
 Statue Form              Tmut/Erth      #........    100%        6    #######
 Shatter                  Erth           #.........   100%        9    #######


Dungeon Overview and Level Annotations

Branches:
Dungeon (10/15)            Temple (0/1) D:6            Lair (5/6) D:9
  Swamp (0/4) Lair:2        Snake (0/4) Lair:4
  Slime: Lair:5-6       Orc: D:9-12

Altars:
Cheibriados
Dithmenos
Elyvilon
Gozag
Hepliaklqana
Makhleb
Nemelex Xobeh
Okawaru
Ru
Sif Muna
Trog
Vehumet
Wu Jian
Yredelemnul
Zin

Shops:
D:5 *[[

Annotations:
D:9 3 runed translucent doors, Majang's ghost, novice MiFi
Lair:2 3 runed translucent doors, Cato's ghost, journeyman DECj; Fankuf's ghost, journeyman MiFi; Haraddelas's ghost, journeyman OpTm; Luwa's ghost, journeyman HOFi
Lair:4 1 runed translucent door


Innate Abilities, Weirdness & Mutations

You have claws for hands.
Your flesh is cold resistant. (rC+)
You sometimes gain power by taking damage.
You are immune to rotting.
When seriously injured, your bleeding wounds create thick armour. (AC +9)
You are agile. (Dex +2)
You are covered in fur. (AC +1)


Message History

You miss the killer bee. Your claw misses the killer bee.
The killer bee is severely wounded.
The killer bee stings you but does no damage.
The komodo dragon misses you.
You closely miss the killer bee.
The killer bee is severely wounded.
The killer bee closely misses you. The komodo dragon closely misses you.
You closely miss the killer bee.
The killer bee is severely wounded.
The killer bee closely misses you. x2
You scratch the killer bee but do no damage.
Your claw misses the killer bee.
The killer bee is severely wounded.
The killer bee closely misses you. The komodo dragon bites you!
* * * LOW HITPOINT WARNING * * *
You claw the killer bee!
You kill the killer bee!
Okawaru accepts your kill. The komodo dragon bites you!!
You die...

# #### ...# . ...#
### ##.%. ...#
###### ####@##....%.
...#
#.##F###.#.†l...'..%
...#
#!..##..#...#.##.%..
...####..........###
y ...........##.####
.......#.######
....###### ###.P# #
####


You could see a komodo dragon.

Vanquished Creatures
  5 hydras
  2 two-headed ogres (D:9)
  4 death yaks
  An unseen horror (D:8)
  Pikel (D:4)
  4 oklob plants (Lair:4)
  An ugly thing (D:8)
  An elephant (Lair:2)
  2 black mambas
  5 spiny frogs
  3 komodo dragons (Lair:4)
  A polar bear (Lair:2)
  A queen bee (Lair:5)
  3 meliai (Lair:5)
  Prince Ribbit (D:8)
  8 blink frogs
  4 hippogriffs
  Sigmund (D:6)
  2 wyverns
  10 yaks
  6 basilisks
  2 hungry ghosts
  Eustachio (D:5)
  Menkaure (D:6)
  A vampire mosquito (D:8)
  2 wargs (D:9)
  3 nagas (Lair:4)
  7 water moccasins
  13 porcupines
  6 orc warriors
  2 ice beasts
  2 ogres (D:8)
  3 sky beasts
  A necrophage (D:8)
  9 crocodiles
  2 centaurs
  12 bullfrogs
  Blork the orc (D:6)
  A gnoll sergeant (D:9)
  2 scorpions
  A wight (D:8)
  20 killer bees
  4 howler monkeys
  An electric eel (Lair:1)
  4 crimson imps
  7 hounds
  2 jellies (D:6)
  A gnoll shaman (D:5)
  4 orc priests
  2 bullfrog skeletons
  7 orc wizards
  7 worker ants
  3 iguanas
  A hound zombie (D:8)
  2 hound skeletons
  A howler monkey skeleton (D:5)
  A worker ant zombie (D:7)
  9 gnolls
  13 adders
  5 shadow imps
  An adder skeleton (D:6)
  3 worms
  3 dart slugs
  5 leopard geckos
  21 orcs
  2 ball pythons (D:2)
  5 giant cockroaches
  6 goblins
  8 hobgoblins
  10 jackals
  7 kobolds
  11 quokkas
  7 bats
  2 frilled lizards
  2 jackal zombies
  A leopard gecko skeleton (D:5)
  A quokka skeleton (D:8)
  6 rats
  A spectral orc (D:7)
  A toadstool (D:1)
335 creatures vanquished.

Vanquished Creatures (collateral kills)
  A killer bee (Lair:5)
1 creature vanquished.

Vanquished Creatures (others)
  3 fungi (Lair:4)
  4 plants
  9 toadstools
16 creatures vanquished.

Grand Total: 352 creatures vanquished

Notes
Turn   | Place    | Note
-------+----------+-------------------------------------------
     0 | D:1      | Curus the Demonspawn Gladiator began the quest for the Orb.
     0 | D:1      | Reached XP level 1. HP: 16/16 MP: 1/1
    91 | D:1      | Gained mutation: When seriously injured, your bleeding
                  | wounds create armour. (AC +9) [demonic ancestry]
    91 | D:1      | Reached XP level 2. HP: 18/22 MP: 2/2
   551 | D:2      | Gained mutation: You have sharp fingernails. [demonic
                  | ancestry]
   551 | D:2      | Reached XP level 3. HP: 9/27 MP: 3/3
   747 | D:2      | Gained mutation: You are covered in fur. (AC +1) [potion of
                  | mutation]
   747 | D:2      | Gained mutation: You are agile. (Dex +2) [potion of
                  | mutation]
   900 | D:2      | Found an iron altar of Okawaru.
   911 | D:2      | Became a worshipper of Warmaster Okawaru
  1009 | D:2      | Reached skill level 1 in Unarmed Combat
  1385 | D:2      | Reached skill level 2 in Unarmed Combat
  1385 | D:2      | Reached XP level 4. HP: 29/33 MP: 4/4
  1516 | D:2      | Found a faded altar of an unknown god.
  1778 | D:3      | Reached skill level 3 in Unarmed Combat
  1948 | D:3      | Gained mutation: You sometimes gain a little power by
                  | taking damage. [demonic ancestry]
  1948 | D:3      | Reached XP level 5. HP: 38/38 MP: 5/5
  2491 | D:4      | Found a bloodstained altar of Trog.
  2491 | D:4      | Found a sacrificial altar of Ru.
  2642 | D:4      | Reached skill level 4 in Unarmed Combat
  2712 | D:4      | Noticed a slave
  2712 | D:4      | Noticed a slave
  2712 | D:4      | Noticed a slave
  2712 | D:4      | Noticed a slave
  2713 | D:4      | Noticed Pikel
  2736 | D:4      | Killed Pikel
  2736 | D:4      | Reached * piety under Okawaru
  2736 | D:4      | Reached skill level 6 in Unarmed Combat
  2736 | D:4      | Gained mutation: You have very sharp fingernails. [demonic
                  | ancestry]
  2736 | D:4      | Reached XP level 6. HP: 28/44 MP: 6/6
  2736 | D:4      | Gained mutation: You are immune to rotting. [demonic
                  | ancestry]
  2736 | D:4      | Reached XP level 7. HP: 31/50 MP: 7/7
  3075 | D:5      | Entered Level 5 of the Dungeon
  3085 | D:4      | Reached skill level 7 in Unarmed Combat
  3172 | D:5      | Reached ** piety under Okawaru
  3193 | D:5      | Gained mutation: You sometimes gain power by taking damage.
                  | [demonic ancestry]
  3193 | D:5      | Reached XP level 8. HP: 32/56 MP: 8/8
  3215 | D:4      | Reached skill level 8 in Unarmed Combat
  3323 | D:5      | Found Geikhips's Armour Shop.
  3326 | D:5      | Bought a +2 ring mail of poison resistance for 180 gold
                  | pieces
  3382 | D:5      | Found Edwy's Antique Armour Shop.
  3405 | D:5      | Bought an embroidered cloak for 150 gold pieces
  3444 | D:5      | Found a burning altar of Makhleb.
  3451 | D:5      | Noticed Eustachio
  3461 | D:5      | Killed Eustachio
  3461 | D:5      | Reached skill level 9 in Unarmed Combat
  3527 | D:5      | Found Riom's General Store.
  3539 | D:5      | Bought a potion of might for 56 gold pieces
  3539 | D:5      | Bought a potion of flight for 42 gold pieces
  3683 | D:6      | Noticed Sigmund
  3693 | D:6      | Killed Sigmund
  3693 | D:6      | Reached *** piety under Okawaru
  3732 | D:6      | Reached skill level 10 in Unarmed Combat
  3782 | D:6      | Noticed Blork the orc
  3794 | D:6      | Killed Blork the orc
  3860 | D:6      | Gained mutation: When seriously injured, your bleeding
                  | wounds create thick armour. (AC +9) [demonic ancestry]
  3860 | D:6      | Reached XP level 9. HP: 31/61 MP: 9/9
  3885 | D:6      | Found a staircase to the Ecumenical Temple.
  4445 | D:7      | Noticed Menkaure
  4455 | D:6      | Killed Menkaure
  4455 | D:6      | Reached skill level 11 in Unarmed Combat
  4574 | D:6      | Reached **** piety under Okawaru
  4849 | D:7      | Found a basalt altar of Yredelemnul.
  5114 | D:8      | Found a hazy altar of Hepliaklqana.
  5115 | D:8      | Found a sparkling altar of Nemelex Xobeh.
  5115 | D:8      | Found a shadowy altar of Dithmenos.
  5115 | D:8      | Found a snail-covered altar of Cheibriados.
  5327 | D:8      | Noticed a four-headed hydra
  5327 | D:8      | Noticed an unseen horror
  5335 | D:8      | Killed a four-headed hydra
  5335 | D:8      | Reached skill level 12 in Unarmed Combat
  5335 | D:8      | Reached XP level 10. HP: 17/67 MP: 10/10
  5620 | D:8      | You fall into a shaft and drop 2 floors!
  5620 | D:10     | Entered Level 10 of the Dungeon
  5852 | D:8      | Reached skill level 13 in Unarmed Combat
  5860 | D:8      | Reached ***** piety under Okawaru
  5870 | D:8      | Noticed a purple ugly thing
  5900 | D:8      | Killed a purple ugly thing
  6259 | D:8      | Killed an unseen horror
  6276 | D:8      | Found an ornate altar of the Wu Jian Council.
  6276 | D:8      | Found a shimmering blue altar of Sif Muna.
  6276 | D:8      | Found a glowing silver altar of Zin.
  6277 | D:8      | Found a white marble altar of Elyvilon.
  6277 | D:8      | Found a snail-covered altar of Cheibriados.
  6297 | D:8      | Found a radiant altar of Vehumet.
  6297 | D:8      | Found an opulent altar of Gozag.
  6301 | D:8      | Reached skill level 14 in Unarmed Combat
  6307 | D:8      | Noticed Prince Ribbit
  6318 | D:8      | Killed Prince Ribbit
  6447 | D:8      | Noticed a lindwurm
  6447 | D:8      | Noticed a lindwurm
  6461 | D:8      | Noticed a lindwurm
  6569 | D:9      | Noticed a two-headed ogre
  6582 | D:9      | Killed a two-headed ogre
  6680 | D:9      | Found a staircase to the Lair.
  6758 | D:9      | Noticed a two-headed ogre
  6892 | D:8      | Noticed a lindwurm
  6994 | D:9      | Gained mutation: Your flesh is cold resistant. (rC+)
                  | [demonic ancestry]
  6994 | D:9      | Reached XP level 11. HP: 62/72 MP: 11/11
  7067 | D:9      | Received a gift from Okawaru
  7079 | D:9      | Found a runed translucent gate.
  7080 | D:9      | Found a runed translucent gate.
  7081 | D:9      | Found a runed translucent gate.
  7082 | D:9      | Noticed Majang's ghost (novice MiFi)
  7173 | D:9      | Killed a two-headed ogre
  7351 | Lair:1   | Entered Level 1 of the Lair of Beasts
  8227 | Lair:2   | Noticed Luwa's ghost (journeyman HOFi)
  8228 | Lair:2   | Noticed Haraddelas's ghost (journeyman OpTm)
  8228 | Lair:2   | Noticed Fankuf's ghost (journeyman MiFi)
  8228 | Lair:2   | Noticed Cato's ghost (journeyman DECj)
  8230 | Lair:2   | Found a runed translucent gate.
  8230 | Lair:2   | Found a runed translucent gate.
  8230 | Lair:2   | Found a runed translucent gate.
  8284 | Lair:2   | Noticed an eight-headed hydra
  8297 | Lair:2   | Killed an eight-headed hydra
  8297 | Lair:2   | Reached ****** piety under Okawaru
  8297 | Lair:2   | Received a gift from Okawaru
  8654 | Lair:2   | Reached skill level 5 in Fighting
  8654 | Lair:2   | Reached skill level 5 in Dodging
  8682 | Lair:2   | Found a staircase to the Swamp.
  9081 | Lair:2   | Noticed a death yak
  9092 | Lair:2   | Killed a death yak
  9274 | Lair:2   | Got a crude leather armour
  9300 | Lair:2   | Identified the cursed +1 leather armour of Plasticity
                  | {Int+2} (You found it on level 2 of the Lair of Beasts)
  9450 | Lair:2   | Noticed a five-headed hydra
  9458 | Lair:2   | Killed a five-headed hydra
  9458 | Lair:2   | Received a gift from Okawaru
  9494 | Lair:2   | Gained mutation: You have claws for hands. [demonic
                  | ancestry]
  9494 | Lair:2   | Reached XP level 12. HP: 47/91 MP: 12/12
 10258 | Lair:3   | Noticed a six-headed hydra
 10265 | Lair:3   | Killed a nine-headed hydra
 10484 | Lair:4   | Found a staircase to the Snake Pit.
 10515 | Lair:4   | Received a gift from Okawaru
 10516 | Lair:4   | Got a dazzling buckler {god gift}
 10550 | Lair:4   | Noticed a death yak
 10553 | Lair:4   | Noticed a five-headed hydra
 10558 | Lair:4   | Noticed a death yak
 10562 | Lair:4   | Killed a death yak
 10562 | Lair:4   | Noticed a death yak
 10565 | Lair:4   | Killed a seven-headed hydra
 10570 | Lair:4   | Killed a death yak
 10574 | Lair:4   | Killed a death yak
 10740 | Lair:4   | Identified the +2 buckler of Pragmatism {rF- rN++ Regen+
                  | rCorr} (Okawaru gifted it to you on level 4 of the Lair of
                  | Beasts)
 10810 | Lair:4   | Noticed a catoblepas
 10821 | Lair:4   | Noticed a catoblepas
 10830 | Lair:4   | Found a runed translucent door.
 11083 | Lair:4   | Reached skill level 10 in Fighting
 11251 | Lair:4   | HP: 3/97 [acid (7)]
 12309 | Lair:5   | Reached XP level 13. HP: 90/103 MP: 13/13
 12381 | Lair:5   | Demolished by a komodo dragon

Levels and vault maps discovered:
D:1:      dpeg_arrival_court, layout_rooms, minmay_gold_behind_fungi
D:2:      layout_loops_corners, chequers_ecumenical_altar_simple,
          grunt_ministairs_2, minmay_misc_feat_rows, minmay_misc_feat_plants,
          okawaru_ov_weapons_minmay
D:3:      layout_basic
D:4:      layout_basic, gammafunk_temple_overflow_wave, first_ration, uniq_pikel
D:5:      layout_rooms, serial_shops, shop_coins, nicolae_shop_behind_doors,
          shop, lemuel_altar_in_water, uniq_eustachio
D:6:      layout_cave_pools, minmay_temple_entry_fiery, kennysheep_cross_room,
          hangedman_abyss_or_decor_stagger, uniq_blork_the_orc, uniq_sigmund
D:7:      layout_rooms, yredelemnul_forgotten_temple_becter, uniq_menkaure
D:8:      minmay_the_grid_octo_tiled_squarecenter [minmay_the_grid_octo_77,
          minmay_the_grid_octo_focus, minmay_the_grid_octo_pinwheel,
          minmay_the_grid_octo_shrine,
          minmay_the_grid_square_5x5_megaprize_diamond,
          minmay_the_grid_square_5x5_minivault,
          minmay_the_grid_square_5x5_slash,
          minmay_the_grid_square_5x5_misaligned,
          minmay_the_grid_square_5x5_shuriken], layout_gridville,
          grunt_temple_overflow_open, grunt_ogre_cave, minmay_lindwurm_lava,
          uniq_prince_ribbit1
D:9:      layout_roguey, erik_lair_orcish_takeover, gammafunk_ghost_necromancy
D:10:     layout_roguey, nzn_random_ring
Lair:1:   layout_chaotic_city, serial_bayou_lagoon_b, infiniplex_staircase_pool
Lair:2:   layout_roguey, swamp_mist, gammafunk_ghost_cemetery,
          minmay_shattered_shrine, grunt_megastairs_4, serial_bayou_shore_a
Lair:3:   layout_misc_corridors, beast_lair_carwin_9, grunt_megastairs_5
Lair:4:   gammafunk_lair_enchanted_lake, layout_cave_pods,
          minmay_snake_entry_guardpost_small, serial_bayou_crossing,
          lemuel_fruit_tree, minmay_lair_oklob_chamber
Lair:5:   layout_roguey [special_room_bee], slime_altar_1

Skill      XL: |  1  2  3  4  5  6  7  8  9 10 11 12 |
---------------+-------------------------------------+-----
Staves         | 3 |  3.8
Unarmed Combat | 2 3 6 7 10 12 14 | 14.8
Dodging        | 6 9 |  9.9
Fighting       | 7 10 | 10.4
Throwing       | |  1.7

Action                   |  1- 3 |  4- 6 |  7- 9 | 10-12 | 13-15 || total
-------------------------+-------+-------+-------+-------+-------++-------
Melee: Quarterstaff      |    97 |    68 |       |       |       ||   165
       Unarmed           |       |    26 |   291 |   668 |    69 ||  1054
       Punch             |       |     1 |    18 |    52 |     8 ||    79
Invok: Heroism           |       |       |       |     7 |     1 ||     8
Evoke: Wand              |       |       |       |    11 |       ||    11
       Box of beasts     |       |       |       |     2 |       ||     2
  Use: Scroll            |     7 |     3 |     5 |     6 |       ||    21
       Potion            |     4 |     1 |     6 |     7 |       ||    18
 Stab: Sleeping          |     3 |       |     3 |       |       ||     6
  Eat: Chunk             |     1 |     5 |    10 |    15 |       ||    31
       Ration            |       |       |       |     3 |       ||     3
Armor: Leather armour    |    20 |    22 |    17 |       |       ||    59
       Ring mail         |       |       |    93 |   238 |    26 ||   357
Dodge: Dodged            |    61 |    72 |   153 |   358 |   143 ||   787
Block: Buckler           |       |       |       |     2 |       ||     2
